 Dungeon Crawl Stone Soup version 0.24-a0-226-gca05e9d (webtiles) character file.

Game seed: 8535528244669361784

86 Chronos the Chiller (level 4, 0/34 HPs)
             Began as a Draconian Ice Elementalist on Mar 30, 2019.
             Was an Initiate of Gozag.
             Slain by a worker ant (5 damage)
             ... on level 4 of the Dungeon on Mar 31, 2019.
             The game lasted 00:16:39 (2419 turns).

Chronos the Chiller (Draconian Ice Elementalist)    Turns: 2419, Time: 00:16:40

Health: 0/34       AC:  5    Str: 11    XL:     4   Next: 26%
Magic:  7/7        EV: 12    Int: 16    God:    Gozag
Gold:   294        SH:  0    Dex: 11    Spells: 6/7 levels left

rFire    . . .     SeeInvis .   m - +1 spear (pierce)
rCold    . . .     Gourm    .   (no shield)
rNeg     . . .     Faith    .   (armour unavailable)
rPois    .         Spirit   .   (helmet restricted)
rElec    .         Reflect  .   (no cloak)
rCorr    .         Harm     .   (no gloves)
MR       .....                  (no boots)
Stlth    ++........             (no amulet)
HPRegen  0.11/turn              (no ring)
MPRegen  0.10/turn              (no ring)

@: lethally poisoned (0 -> -3)
A: unfitting armour, cold-blooded, AC +5
a: Potion Petition, Call Merchant, Bribe Branch, Renounce Religion


You were on level 4 of the Dungeon.
You worshipped Gozag.
Gozag was aware of your devotion.
You were near starving.

You visited 1 branch of the dungeon, and saw 7 of its levels.

You collected 331 gold pieces.
You paid 37 gold pieces to Gozag.

Inventory:

Hand Weapons
 e - a +1 dagger of protection
 k - a +4 short sword
 m - a +1 spear of piercing (weapon)
Wands
 c - a wand of disintegration (6)
Scrolls
 f - 5 scrolls of identify
 i - a scroll of remove curse
Comestibles
 b - 4 rations


   Skills:
 + Level 0.3 Fighting
 + Level 1.0 Short Blades
 + Level 0.1 Throwing
 + Level 2.7 Dodging
 + Level 2.1 Stealth
 + Level 0.1 Unarmed Combat
 + Level 2.4 Spellcasting
   Level 1.0 Conjurations
 + Level 3.6 Ice Magic


You had 6 spell levels left.
You knew the following spells:

 Your Spells              Type           Power        Failure   Level  Hunger
a - Freeze                Ice            ##..         4%          1    #......

Your spell library contained the following spells:

 Spells                   Type           Power        Failure   Level  Hunger
 Throw Frost              Conj/Ice       #.....       12%         2    ###....
 Ozocubu's Armour         Chrm/Ice       #.......     28%         3    ###....
 Throw Icicle             Conj/Ice       #.......     58%         4    #####..
 Summon Ice Beast         Ice/Summ       #.......     67%         4    #####..


Dungeon Overview and Level Annotations

Branches:
Dungeon (7/15)
 Temple: D:4-7

Altars:
Gozag
Makhleb
Qazlal
Xom

Annotations:
D:6 Prince Ribbit


Innate Abilities, Weirdness & Mutations

Your plain brown scales are hard. (AC +5)
You cannot fit into any form of body armour.
You are cold-blooded and may be slowed by cold attacks.


Message History

The adder bites you.
* * * LOW HITPOINT WARNING * * *
You hit the worker ant.
Your tail-slap misses the worker ant.
The worker ant is moderately wounded.
The worker ant bites you but does no damage.
The adder bites you but does no damage. The worker ant misses you.
You hit the worker ant.
The worker ant is heavily wounded.
You feel sick. The adder closely misses you. The worker ant bites you.
* * * LOW HITPOINT WARNING * * *
The adder closely misses you.
You hit the worker ant but do no damage.
The worker ant is heavily wounded.
The worker ant closely misses you. The adder bites you but does no damage.
You barely miss the worker ant.
The worker ant is heavily wounded.
The worker ant bites you but does no damage.
The adder barely misses you. The worker ant bites you.
You die...
Your body crumbles into a pile of gold.

.....#
....
....
...
..#
#.#
#a#
#@#
#S#
#.#
#.#
#.#
#.#
#.#
#.#


You could see a worker ant and an adder.

Vanquished Creatures
  Terence (D:2)
  An adder (D:2)
  An ooze (D:2)
  2 leopard geckos
  2 giant cockroaches (D:2)
  8 goblins
  5 hobgoblins
  5 jackals
  3 kobolds
  2 quokkas
  2 ball pythons (D:2)
  3 bats (D:1)
  4 frilled lizards
  5 rats
44 creatures vanquished.

Notes
Turn   | Place    | Note
-------+----------+-------------------------------------------
     0 | D:1      | Chronos the Draconian Ice Elementalist began the quest for
                  | the Orb.
     0 | D:1      | Reached XP level 1. HP: 14/14 MP: 3/3
   249 | D:1      | Reached XP level 2. HP: 20/20 MP: 5/5
   746 | D:2      | Found an opulent altar of Gozag.
   768 | D:2      | Became a worshipper of Gozag Ym Sagoz the Greedy
   769 | D:2      | Upgraded the game from 0.24-a0-219-g9656df7 to
                  | 0.24-a0-226-gca05e9d
   810 | D:1      | Reached XP level 3. HP: 11/26 MP: 0/6
  1535 | D:2      | Found a burning altar of Makhleb.
  1535 | D:2      | Noticed Terence
  1536 | D:2      | Found a shimmering altar of Xom.
  1579 | D:2      | Killed Terence
  1579 | D:2      | Reached XP level 4. HP: 14/33 MP: 1/7
  1972 | D:3      | Found a stormy altar of Qazlal.
  2000 | D:3      | Reached skill level 1 in Short Blades
  2007 | D:3      | You fall through a shaft for 3 floors!
  2008 | D:6      | Noticed Prince Ribbit
  2008 | D:6      | Noticed an orc warrior
  2291 | D:5      | Entered Level 5 of the Dungeon
  2291 | D:5      | Noticed a phantom
  2419 | D:4      | Slain by a worker ant

Levels and vault maps discovered:
D:1:      ncdulo_wetmaze, layout_rooms
D:2:      layout_basic, gammafunk_temple_overflow_pools, eino_tiny_chamber,
          nicolae_gozag_seed_capital, uniq_terence
D:3:      layout_rooms, grunt_qazlal_clouds
D:4:      layout_loops_ring, uniq_natasha, uniq_sigmund, uniq_edmund
D:5:      layout_basic, first_ration, minmay_between
D:6:      layout_basic, kennysheep_little_box, uniq_prince_ribbit1, uniq_pikel
D:7:      layout_rooms, grunt_temple_overflow_bloody_war,
          minmay_temple_entry_stoned_glass

Skill      XL: |  1  2  3  4 |
---------------+-------------+-----
Dodging        | 2 |  2.7
Stealth        | 2 |  2.1
Short Blades   | 1 |  1.0
Fighting       | |  0.3
Throwing       | |  0.1
Unarmed Combat | |  0.1
Spellcasting   | |  2.4
Conjurations   | |  1.0
Ice Magic      | |  3.6

Action                   |  1- 3 |  4- 6 || total
-------------------------+-------+-------++-------
Melee: Unarmed           |    15 |       ||    15
       Dagger            |   118 |       ||   118
       Tailslap          |     9 |       ||     9
       Short sword       |       |    16 ||    16
       Spear             |       |    13 ||    13
Throw: Tomahawk          |     4 |     6 ||    10
       Stone             |       |     2 ||     2
 Cast: Freeze            |    15 |     8 ||    23
  Use: Potion            |     1 |     1 ||     2
       Scroll            |       |     5 ||     5
 Stab: Sleeping          |     6 |     1 ||     7
       Distracted        |     1 |       ||     1
  Eat: Ration            |     1 |       ||     1
Armor: Skin              |    56 |    18 ||    74
Dodge: Dodged            |    99 |    32 ||   131

Table legend:
 A = Non-vault XP
 B = Vault XP
 C = Vault XP percentage of total XP
 D = Non-vault monster count
 E = Vault monster count
 F = Vault count percentage of total count
                 A         B        C        D         E       F
            +---------+---------+-------+---------+---------+-------
      Total |      87 |      36 |  29.3 |      43 |       1 |   2.3
            +---------+---------+-------+---------+---------+-------
        D:1 |      21 |       0 |   0.0 |      14 |       0 |   0.0
        D:2 |      57 |      36 |  38.7 |      24 |       1 |   4.0
        D:3 |       9 |       0 |   0.0 |       5 |       0 |   0.0
            +---------+---------+-------+---------+---------+-------
